 Dungeon Sprint DCSS version 0.17-a0-1133-gfb1399f (webtiles) character file.

2 esc the Insei (level 1, -5/13 HPs)
             Began as an Octopode Transmuter on May 25, 2015.
             Slain by a wolf (6 damage)
             ... in the Dungeon (Sprint III: "The Ten Rune Challenge").
             The game lasted 00:00:45 (60 turns).

esc the Insei (Octopode Transmuter)                   Turns: 60, Time: 00:00:45

Health: -5/13      AC:  1    Str:  9    XL:     1   Next: 40%
Magic:  2/3        EV: 15    Int: 15    God:
Gold:   0          SH:  0    Dex: 12    Spells: 1 memorised, 3 levels left

rFire  . . .     SeeInvis .       - Unarmed
rCold  . . .     Clarity  .     (no shield)
rNeg   . . .     SustAt   .     (helmet restricted)
rPois  .         Gourm    .     (no amulet)
rElec  .         Spirit   .     j - +3 ring of evasion
rCorr  .         Warding  .     (no ring)
rMut   .         NoTele   +     (no ring)
MR     .....                    (no ring)
Stlth  ++........               (no ring)
                                (no ring)
                                (no ring)
                                (no ring)

@: appendage (expiring), not resistant to hostile enchantments, unstealthy
A: almost no armour, amphibious, 8 rings, constrict 8, tentacle spike 3,
camouflage 1, gelatinous body 1
a: End Transformation


You were in the Dungeon.
You were not hungry.
One of your tentacles had a temporary spike.
You visited 1 branch

Inventory:

Missiles
 a - 12 arrows
Jewellery
 j - a +3 ring of evasion (left tentacle)
   (You found it in the Dungeon)
Scrolls
 i - a scroll of blinking {!r}
Potions
 d - a potion of curing
 e - a potion of heal wounds
 f - a potion of haste
 g - 2 potions of magic
 h - a potion of berserk rage {!q}
 l - a potion of cancellation {unknown}
Books
 b - a book of Changes
Comestibles
 c - a bread ration {@e1}
 k - a chunk of flesh {@w0}


   Skills:
 - Level 1.0 Fighting
 - Level 2.0 Dodging
 + Level 3.5 Unarmed Combat
 - Level 2.0 Spellcasting
 + Level 2.8 Transmutations


You had 3 spell levels left.
You knew the following spells:

 Your Spells              Type           Power        Failure   Level  Hunger
a - Beastly Appendage     Trmt           #.....       10%         1    #......


Dungeon Overview and Level Annotations

Branches:
Dungeon (1/1)

Altars:


Innate Abilities, Weirdness & Mutations

You cannot wear most types of armour.
You are amphibious.
You can wear up to eight rings at the same time.
You can use your tentacles to constrict eight enemies at once.
Your skin changes colour to match your surroundings (Stealth).
Your rubbery body absorbs attacks (AC +1).
One of your tentacles bears a large vicious spike.


Message History

Welcome, esc the Octopode Transmuter.
Found a staircase leading out of the dungeon.
You open the door.
A rat comes into view.
A rat comes into view.
There is an open door here.
You tentacle-slap the rat.
You kill the rat!
You closely miss the rat. You grab the rat.
You constrict the rat, but do no damage.
The rat closely misses you.
You tentacle-slap the rat but do no damage.
You constrict the rat. The rat barely misses you.
You barely miss the rat. You squeeze the rat. You constrict the rat.
You kill the rat!
No target in view!
No target in view!
j - a bronze ring Put on which piece of jewellery? (? for menu, Esc to quit)
j - a +3 ring of evasion (left tentacle)
You open the door.
A rat comes into view.
A rat comes into view.
There is an open door here.
The helpless rat fails to defend itself.
You tentacle-slap the rat.
You kill the rat!
You tentacle-slap the rat.
You kill the rat!
No target in view!
No target in view!
You see here a rat corpse.
You butcher the rat corpse.
k - a chunk of flesh {@w0}
l - a green potion You open the door.
Okay, then.
Okay, then.
There is an open door here.
A wolf comes into view.
A human comes into view.
The wolf barks!
There is an open door here.
You start waiting.
One of your tentacles grows a vicious spike.
You now have 2/3 mp.
You closely miss the wolf. Your grab misses the wolf.
Your tentacle-slap misses the wolf.
Your squeeze misses the wolf. The wolf misses you.
The wolf completely misses you.
You tentacle-slap the wolf but do no damage.
Your grab misses the wolf.
You pierce the wolf, but do no damage.
The wolf completely misses you. The wolf barely misses you.
You barely miss the wolf. Your grab misses the wolf.
Your tentacle spike misses the wolf.
The wolf barely misses you.
You miss the wolf. You grab the wolf.
You constrict the wolf, but do no damage.
The wolf completely misses you. The wolf bites you!
Ouch! That really hurt!
* * * LOW HITPOINT WARNING * * *
You take 10 damage, and have 3/13 hp.
MASSIVE DAMAGE!!
You completely miss the wolf.
You pierce the wolf, but do no damage.
You squeeze the wolf.
You constrict the wolf, but do no damage.
The wolf bites you.
* * * LOW HITPOINT WARNING * * *
You take 2 damage, and have 1/13 hp.
Unknown command.
You barely miss the wolf. Your squeeze misses the wolf.
Your transformation is almost over.
You constrict the wolf. The wolf closely misses you. The wolf bites you.
You die...

▓..# ▓#'####
▓.....#....≈.♣♣
▓.....#...≈≈..♣♣
▓.....#..≈≈≈≈♣..
▓####'#..≈≈≈h≈≈.
▓.....#.≈≈≈≈≈≈..
▓.....#.≈≈≈≈≈...
▓.h@..#.≈≈≈....p
▓'#####.........
▓...............
▓▓▓▓▓▓▓▓▓▓▓▓▓▓▓▓


You could see a wolf.

Vanquished Creatures
  4 rats (D)
4 creatures vanquished.

Notes
Turn   | Place    | Note
--------------------------------------------------------------
     0 | D        | esc the Octopode Transmuter began the quest for the Orb.
     0 | D        | Reached XP level 1. HP: 13/13 MP: 3/3
    34 | D        | Noticed a wolf
    58 | D        | HP: 3/13 [wolf (10)]
    59 | D        | HP: 1/13 [wolf (2)]
    60 | D        | Slain by a wolf

Vault maps used:
D:        dungeon_sprint_mu

Action                   || total
-------------------------++-------
Melee: Unarmed           ||    12
 Cast: Beastly Appendage ||     1
 Stab: Sleeping          ||     1

Vault maps used:
D:        dungeon_sprint_mu

Table legend:
 A = Turns spent in this place as a percentage of turns spent in the entire game.
 B = Non-inter-level travel turns spent in this place as a percentage of non-inter-level travel turns spent in the entire game.
 C = Inter-level travel turns spent in this place as a percentage of turns spent in this place.
 D = Turns resting spent in this place as a percentage of non-inter-level travel turns spent in this place.
 E = Turns spent auto-exploring this place as a percentage of non-inter-level travel turns spent in this place.
 F = Non-inter-level travel turns spent in this place divided by the number of levels of this place that you've seen.
                   A       B       C       D       E      F
               +-------+-------+-------+-------+-------+----------------------
         Total | 100.0 | 100.0 |   0.0 |   3.1 |   0.0 |  64.0
       Dungeon | 100.0 | 100.0 |   0.0 |   3.1 |   0.0 |  64.0
               +-------+-------+-------+-------+-------+----------------------

Table legend:
 A = Kills in this place as a percentage of kills in entire the game.
 B = Kills by you in this place as a percentage of kills by you in the entire game.
 C = Kills by friends in this place as a percentage of kills by friends in the entire game.
 D = Other kills in this place as a percentage of other kills in the entire game.
 E = Experience gained in this place as a percentage of experience gained in the entire game.
 F = Experience gained in this place divided by the number of levels of this place that you have seen.
                   A       B       C       D       E      F
               +-------+-------+-------+-------+-------+----------------------
         Total | 100.0 | 100.0 |  -nan |  -nan | 100.0 |   4.0
       Dungeon | 100.0 | 100.0 |  -nan |  -nan | 100.0 |   4.0
               +-------+-------+-------+-------+-------+----------------------
